TOP OF THE 1ST |
North Carolina State Wolfpack batting - Pitching for Mississippi State Bulldogs : RHP Tom Speck
|
Pitching: RHP Tom Speck
|
|
Batting: LHB Steven Gregory
|
0-0: Ball 1-0: Fly out, F8 (Flyball, 78M)
|
Batting: SHB Dave Williams
|
0-0: Ball 1-0: Foul Ball, location: 2F 1-1: Single, Error in OF, E9, batter to second base
|
Batting: LHB Aaron Atkins
|
0-0: Called Strike 0-1: Swinging Strike 0-2: Strikes out swinging
|
Batting: RHB Jonathon García
|
0-0: Ball 1-0: Ball 2-0: Called Strike 2-1: Foul Ball, location: 2F 2-2: Ball 3-2: Ground out 5-3 (Groundball, 56)
|
Top of the 1st over - 0 run(s), 1 hit(s), 1 error(s), 1 left on base; North Carolina State 0 - Mississippi State 0 |
BOTTOM OF THE 1ST |
Mississippi State Bulldogs batting - Pitching for North Carolina State Wolfpack : RHP Chris Miller
|
Pitching: RHP Chris Miller
|
|
Batting: RHB Hunter Hudson
|
0-0: Ball 1-0: Ball 2-0: Ball 3-0: Base on Balls
|
Batting: RHB Dan Cross
|
0-0: Foul Ball, location: 2F 0-1: Called Strike 0-2: Hit by Pitch Hunter Hudson to second
|
Batting: LHB Trey Fitzpatrick
|
0-0: Fielders Choice at 2nd, 3-6 (Groundball, 34) Hunter Hudson to third
|
Batting: RHB Phil Rowlett
|
0-0: Foul Ball, location: 2F 0-1: Ball 1-1: Ball 2-1: Ball 3-1: SINGLE (Line Drive, 5D) Hunter Hudson scores Trey Fitzpatrick to second
|
Batting: RHB Ernesto Sánchez
|
0-0: Called Strike 0-1: Called Strike 0-2: Strikes out swinging
|
Batting: SHB Tom Stewart
|
0-0: Ball 1-0: Swinging Strike 1-1: Swinging Strike 1-2: Strikes out looking
|
Bottom of the 1st over - 1 run(s), 1 hit(s), 0 error(s), 2 left on base; North Carolina State 0 - Mississippi State 1 |
TOP OF THE 2ND |
North Carolina State Wolfpack batting - Pitching for Mississippi State Bulldogs : RHP Tom Speck
|
Batting: LHB Shawn Joyce
|
0-0: Called Strike 0-1: Ball 1-1: Ball 2-1: Ball 3-1: SINGLE (Line Drive, 34D)
|
Batting: RHB Larry Glover
|
0-0: DOUBLE (Flyball, 89M) Shawn Joyce to third
|
Batting: RHB Brian Francis
|
0-0: Foul Ball, location: 2F 0-1: Ball 1-1: Ball 2-1: Ground out 6-3 (Groundball, 6) Shawn Joyce scores
|
Batting: LHB John Fuller
|
0-0: Swinging Strike 0-1: Ball 1-1: DOUBLE (Line Drive, 7LM) Larry Glover scores
|
Batting: LHB Stan Miller
|
0-0: Swinging Strike 0-1: Ground out 1-3 (Groundball, P) John Fuller to third
|
Batting: LHB Steven Gregory
|
0-0: Foul Ball, location: 2F 0-1: Swinging Strike 0-2: Ball 1-2: Strikes out looking
|
Top of the 2nd over - 2 run(s), 3 hit(s), 0 error(s), 1 left on base; North Carolina State 2 - Mississippi State 1 |
BOTTOM OF THE 2ND |
Mississippi State Bulldogs batting - Pitching for North Carolina State Wolfpack : RHP Chris Miller
|
Batting: RHB Bryant Newell
|
0-0: Swinging Strike 0-1: Ball 1-1: SINGLE (Flyball, 78S)
|
Batting: RHB Abel Moore
|
0-0: SINGLE (Line Drive, 7S) Bryant Newell to second
|
Batting: RHB Nick Dillon
|
0-0: Called Strike 0-1: Swinging Strike 0-2: Ball 1-2: Foul Ball, location: 2F 1-2: Foul Ball, location: 2F 1-2: Strikes out swinging
|
Batting: RHB Hunter Hudson
|
0-0: Foul Ball, location: 2F 0-1: Called Strike 0-2: Ball 1-2: Ball 2-2: Strikes out looking
|
Batting: RHB Dan Cross
|
0-0: Ground out 1-3 (Groundball, 13S)
|
Bottom of the 2nd over - 0 run(s), 2 hit(s), 0 error(s), 2 left on base; North Carolina State 2 - Mississippi State 1 |
TOP OF THE 3RD |
North Carolina State Wolfpack batting - Pitching for Mississippi State Bulldogs : RHP Tom Speck
|
Batting: SHB Dave Williams
|
0-0: Called Strike 0-1: Ball 1-1: Ball 2-1: Ball 3-1: Swinging Strike 3-2: Foul Ball, location: 2F 3-2: Base on Balls
|
Batting: LHB Aaron Atkins
|
0-0: Swinging Strike 0-1: Foul Ball, location: 2F 0-2: Strikes out swinging
|
Batting: RHB Jonathon García
|
0-0: Called Strike 0-1: Ball 1-1: DOUBLE (Flyball, 89M) Dave Williams to third
|
Batting: LHB Shawn Joyce
|
0-0: Called Strike 0-1: Foul Ball, location: 2F 0-2: Foul Ball, location: 2F 0-2: Ball 1-2: Ball 2-2: Strikes out swinging
|
Batting: RHB Larry Glover
|
0-0: 3-RUN HOME RUN (Flyball, 7D), Distance : 366 ft
|
Batting: RHB Brian Francis
|
0-0: Ball 1-0: Foul Ball, location: 2F 1-1: Swinging Strike 1-2: Ball 2-2: Foul Ball, location: 2F 2-2: Ball 3-2: Foul Ball, location: 2F 3-2: Base on Balls
|
Batting: LHB John Fuller
|
0-0: Ball 1-0: Called Strike 1-1: SINGLE (Flyball, 9S) Brian Francis to second Runner from 2nd tries for 3rd, SAFE, throw made to third
|
Batting: LHB Stan Miller
|
0-0: Ball 1-0: Foul Ball, location: 2F 1-1: Called Strike 1-2: Ball 2-2: Ball 3-2: Foul Ball, location: 2F 3-2: Foul Ball, location: 2F 3-2: Strikes out looking
|
Top of the 3rd over - 3 run(s), 3 hit(s), 0 error(s), 2 left on base; North Carolina State 5 - Mississippi State 1 |
BOTTOM OF THE 3RD |
Mississippi State Bulldogs batting - Pitching for North Carolina State Wolfpack : RHP Chris Miller
|
Batting: LHB Trey Fitzpatrick
|
0-0: Foul Ball, location: 2F 0-1: Ball 1-1: Foul Ball, location: 2F 1-2: Ground out 1-3 (Groundball, 15S)
|
Batting: RHB Phil Rowlett
|
0-0: Called Strike 0-1: Fly out, F4 (Popup, 4S)
|
Batting: RHB Ernesto Sánchez
|
0-0: Called Strike 0-1: Called Strike 0-2: Foul Ball, location: 2F 0-2: Fly out, F9 (Flyball, 9LS)
|
Bottom of the 3rd over - 0 run(s), 0 hit(s), 0 error(s), 0 left on base; North Carolina State 5 - Mississippi State 1 |
TOP OF THE 4TH |
North Carolina State Wolfpack batting - Pitching for Mississippi State Bulldogs : RHP Tom Speck
|
Batting: LHB Steven Gregory
|
0-0: Called Strike 0-1: SINGLE (Line Drive, 56D)
|
Batting: SHB Dave Williams
|
0-0: Ball 1-0: Fly out, F8 (Flyball, 8LD)
|
Batting: LHB Aaron Atkins
|
0-0: Ball Throwing error on steal attempt, E2 Steven Gregory to third 1-0: Ball 2-0: Called Strike 2-1: Ball 3-1: Base on Balls
|
Pitching: RHP Rubén Romero
|
|
Batting: RHB Jonathon García
|
0-0: Fielders Choice at 2nd, 1-6 (Groundball, 13S)
|
|
|
Batting: LHB Shawn Joyce
|
0-0: Ball 1-0: Foul Ball, location: 2F 1-1: Ball 2-1: Ball 3-1: Called Strike 3-2: Base on Balls Jonathon García to second
|
Batting: RHB Larry Glover
|
0-0: Ball 1-0: Swinging Strike 1-1: Called Strike 1-2: Strikes out swinging
|
Top of the 4th over - 0 run(s), 1 hit(s), 1 error(s), 3 left on base; North Carolina State 5 - Mississippi State 1 |
BOTTOM OF THE 4TH |
Mississippi State Bulldogs batting - Pitching for North Carolina State Wolfpack : RHP Chris Miller
|
Batting: SHB Tom Stewart
|
0-0: Called Strike 0-1: Foul Ball, location: 2F 0-2: Ball 1-2: Ball 2-2: Ball 3-2: Strikes out swinging
|
Batting: RHB Bryant Newell
|
0-0: Called Strike 0-1: Ball 1-1: SINGLE (Line Drive, 89S)
|
Batting: RHB Abel Moore
|
0-0: Called Strike 0-1: Swinging Strike 0-2: Strikes out swinging
|
Batting: RHB Nick Dillon
|
0-0: Ball 1-0: Ball 2-0: Called Strike 2-1: Ball 3-1: Base on Balls Bryant Newell to second
|
Batting: RHB Hunter Hudson
|
0-0: Ball 1-0: Ball 2-0: Ball 3-0: Called Strike 3-1: Base on Balls Bryant Newell to third Nick Dillon to second
|
Batting: RHB Dan Cross
|
0-0: Called Strike 0-1: Ball 1-1: Ball 2-1: Ball 3-1: Called Strike 3-2: Foul Ball, location: 2F 3-2: Base on Balls Bryant Newell scores Nick Dillon to third Hunter Hudson to second
|
Batting: LHB Trey Fitzpatrick
|
0-0: Called Strike 0-1: Ball 1-1: Foul Ball, location: 2F 1-2: Ball 2-2: Strikes out swinging
|
Bottom of the 4th over - 1 run(s), 1 hit(s), 0 error(s), 3 left on base; North Carolina State 5 - Mississippi State 2 |
TOP OF THE 5TH |
North Carolina State Wolfpack batting - Pitching for Mississippi State Bulldogs : RHP Rubén Romero
|
Batting: RHB Brian Francis
|
0-0: Called Strike 0-1: Bunted foul 0-2: Ball 1-2: Foul Ball, location: 2F 1-2: Ball 2-2: Ball 3-2: Base on Balls
|
Batting: LHB John Fuller
|
0-0: SINGLE (Groundball, 34S) (infield hit) Brian Francis to second
|
Batting: LHB Stan Miller
|
0-0: Called Strike 0-1: Fly out, F7 (Flyball, 7)
|
Batting: LHB Steven Gregory
|
0-0: Foul Ball, location: 2F 0-1: Swinging Strike 0-2: Foul Ball, location: 2F 0-2: Ball 1-2: SINGLE (Groundball, 4MS) (infield hit) Brian Francis to third John Fuller to second
|
Batting: SHB Dave Williams
|
0-0: Called Strike 0-1: Ball 1-1: Foul Ball, location: 2F 1-2: Foul Ball, location: 2F 1-2: Strikes out looking
|
Batting: LHB Aaron Atkins
|
0-0: Fielders Choice at 2nd, 6-4 (Groundball, 56)
|
Top of the 5th over - 0 run(s), 2 hit(s), 0 error(s), 2 left on base; North Carolina State 5 - Mississippi State 2 |
BOTTOM OF THE 5TH |
Mississippi State Bulldogs batting - Pitching for North Carolina State Wolfpack : RHP Chris Miller
|
Pitching: LHP John Harris
|
|
Batting: RHB Phil Rowlett
|
0-0: Ball 1-0: Ball 2-0: Ball 3-0: Called Strike 3-1: Ground out 6-3 (Groundball, 6)
|
Batting: RHB Ernesto Sánchez
|
0-0: Swinging Strike 0-1: Foul Ball, location: 2F 0-2: Ball 1-2: Ball 2-2: SINGLE (Line Drive, 6MD)
|
Batting: SHB Tom Stewart
|
0-0: Swinging Strike 0-1: Called Strike 0-2: SINGLE (Line Drive, 9S) Ernesto Sánchez to second Runner from 2nd tries for 3rd, SAFE, throw made to third Tom Stewart to second
|
Batting: RHB Bryant Newell
|
0-0: Ball 1-0: Ball 2-0: Ball 3-0: Called Strike 3-1: Fly out, F9 (Flyball, 9LM) Runner from 3rd tags up, SCORES, no throw
|
Batting: RHB Abel Moore
|
0-0: Hit by Pitch
|
Pinch Runner at 1st Héctor Garza:
|
|
Batting: RHB Nick Dillon
|
0-0: Ball 1-0: Called Strike 1-1: Foul Ball, location: 2F 1-2: Ball 2-2: Ball 3-2: Base on Balls Tom Stewart to third Héctor Garza to second
|
Batting: RHB Hunter Hudson
|
0-0: Ball 1-0: Called Strike 1-1: Ball 2-1: Ball 3-1: Foul Ball, location: 2F 3-2: Foul Ball, location: 2F 3-2: Foul Ball, location: 2F 3-2: Base on Balls Tom Stewart scores Héctor Garza to third Nick Dillon to second
|
Batting: RHB Dan Cross
|
0-0: Ball 1-0: Called Strike 1-1: Foul Ball, location: 2F 1-2: Foul Ball, location: 2F 1-2: Ball 2-2: Ground out 5-3 (Groundball, 56S)
|
Bottom of the 5th over - 2 run(s), 2 hit(s), 0 error(s), 3 left on base; North Carolina State 5 - Mississippi State 4 |
TOP OF THE 6TH |
North Carolina State Wolfpack batting - Pitching for Mississippi State Bulldogs : RHP Rubén Romero
|
Batting: RHB Jonathon García
|
0-0: Called Strike 0-1: Ball 1-1: Ball 2-1: Foul Ball, location: 2F 2-2: Ball 3-2: Base on Balls
|
Batting: LHB Shawn Joyce
|
0-0: Called Strike 0-1: Called Strike 0-2: Strikes out swinging
|
Batting: RHB Larry Glover
|
0-0: Called Strike 0-1: Foul Ball, location: 2F 0-2: Ball 1-2: 2-RUN HOME RUN (Flyball, 7D), Distance : 368 ft
|
Pitching: RHP Jorge Morales
|
|
Batting: RHB Brian Francis
|
0-0: Called Strike 0-1: Ball 1-1: SOLO HOME RUN (Flyball, 78XD), Distance : 378 ft
|
Batting: LHB John Fuller
|
0-0: Ball 1-0: Called Strike 1-1: Foul Ball, location: 2F 1-2: Foul Ball, location: 2F 1-2: Strikes out looking
|
Batting: LHB Stan Miller
|
0-0: Foul Ball, location: 2F 0-1: Called Strike 0-2: Ball 1-2: Ball 2-2: Strikes out swinging
|
Top of the 6th over - 3 run(s), 2 hit(s), 0 error(s), 0 left on base; North Carolina State 8 - Mississippi State 4 |
BOTTOM OF THE 6TH |
Mississippi State Bulldogs batting - Pitching for North Carolina State Wolfpack : LHP John Harris
|
Pitching: RHP Xavier Reed
|
|
Batting: LHB Trey Fitzpatrick
|
0-0: Hit by Pitch
|
Batting: RHB Phil Rowlett
|
0-0: Called Strike 0-1: Ball 1-1: Foul Ball, location: 2F 1-2: Ball 2-2: Grounds into double play, 6-4-3 (Groundball, 6)
|
Batting: RHB Ernesto Sánchez
|
0-0: Ball 1-0: Ball 2-0: Ball 3-0: Called Strike 3-1: SINGLE (Line Drive, 78S)
|
Batting: SHB Tom Stewart
|
0-0: Ball 1-0: Called Strike 1-1: Ball 2-1: Foul Ball, location: 2F 2-2: SINGLE (Flyball, 6MD) Ernesto Sánchez to second
|
Batting: RHB Bryant Newell
|
0-0: Ball 1-0: Fly out, F9 (Flyball, 9LS)
|
Bottom of the 6th over - 0 run(s), 2 hit(s), 0 error(s), 2 left on base; North Carolina State 8 - Mississippi State 4 |
TOP OF THE 7TH |
North Carolina State Wolfpack batting - Pitching for Mississippi State Bulldogs : RHP Jorge Morales
|
Batting: LHB Steven Gregory
|
0-0: Ball 1-0: Ball 2-0: Called Strike 2-1: Foul Ball, location: 2F 2-2: Strikes out looking
|
Batting: SHB Dave Williams
|
0-0: Ball 1-0: Called Strike 1-1: Foul Ball, location: 2F 1-2: Foul Ball, location: 2F 1-2: SINGLE (Line Drive, 34D)
|
Batting: LHB Aaron Atkins
|
0-0: Called Strike 0-1: Swinging Strike 0-2: Ball 1-2: Strikes out looking
|
Batting: RHB Jonathon García
|
0-0: Called Strike Throwing error on steal attempt, E2 Dave Williams to third 0-1: Fly out, F4 (Line Drive, 4M)
|
Top of the 7th over - 0 run(s), 1 hit(s), 1 error(s), 1 left on base; North Carolina State 8 - Mississippi State 4 |
BOTTOM OF THE 7TH |
Mississippi State Bulldogs batting - Pitching for North Carolina State Wolfpack : RHP Xavier Reed
|
Batting: RHB Héctor Garza
|
0-0: Ball 1-0: Called Strike 1-1: Called Strike 1-2: SOLO HOME RUN (Flyball, 8RXD), Distance : 382 ft
|
Batting: RHB Nick Dillon
|
0-0: Called Strike 0-1: Called Strike 0-2: Ball 1-2: Strikes out looking
|
Batting: RHB Hunter Hudson
|
0-0: Foul Ball, location: 2F 0-1: Swinging Strike 0-2: Ball 1-2: Foul Ball, location: 2F 1-2: Strikes out swinging
|
Batting: RHB Dan Cross
|
0-0: Called Strike 0-1: Ball 1-1: Swinging Strike 1-2: Ball 2-2: Foul Ball, location: 2F 2-2: Strikes out swinging
|
Bottom of the 7th over - 1 run(s), 1 hit(s), 0 error(s), 0 left on base; North Carolina State 8 - Mississippi State 5 |
TOP OF THE 8TH |
North Carolina State Wolfpack batting - Pitching for Mississippi State Bulldogs : RHP Jorge Morales
|
Batting: LHB Shawn Joyce
|
0-0: Called Strike 0-1: Foul Ball, location: 2F 0-2: SOLO HOME RUN (Line Drive, 9D), Distance : 364 ft
|
Pitching: RHP Duncan McBride
|
|
Batting: RHB Larry Glover
|
0-0: Ball 1-0: Ball 2-0: Ball 3-0: Base on Balls
|
Batting: RHB Brian Francis
|
0-0: Ball 1-0: Foul Ball, location: 2F 1-1: Ball 2-1: Foul Ball, location: 2F 2-2: Strikes out looking
|
Batting: LHB John Fuller
|
0-0: Swinging Strike 0-1: Called Strike 0-2: Strikes out swinging Larry Glover is caught stealing 2nd base Batter strikes out.
|
Top of the 8th over - 1 run(s), 1 hit(s), 0 error(s), 0 left on base; North Carolina State 9 - Mississippi State 5 |
BOTTOM OF THE 8TH |
Mississippi State Bulldogs batting - Pitching for North Carolina State Wolfpack : RHP Xavier Reed
|
Batting: LHB Trey Fitzpatrick
|
0-0: Ball 1-0: Called Strike 1-1: Ball 2-1: Called Strike 2-2: Hit by Pitch
|
Batting: RHB Phil Rowlett
|
0-0: Fly out, F4 (Line Drive, 4)
|
Batting: RHB Ernesto Sánchez
|
0-0: Ball 1-0: Called Strike 1-1: Foul Ball, location: 2F 1-2: Strikes out looking
|
Batting: SHB Tom Stewart
|
0-0: Called Strike 0-1: Swinging Strike 0-2: Ball 1-2: Foul Ball, location: 2F 1-2: SINGLE (Groundball, 34D) Trey Fitzpatrick to second Runner from 2nd tries for 3rd, SAFE, no throw
|
Pitching: RHP Scott Hall
|
|
Batting: RHB Bryant Newell
|
0-0: Ball 1-0: Fielders Choice at 2nd, 6-4 (Groundball, 6)
|
Bottom of the 8th over - 0 run(s), 1 hit(s), 0 error(s), 1 left on base; North Carolina State 9 - Mississippi State 5 |
TOP OF THE 9TH |
North Carolina State Wolfpack batting - Pitching for Mississippi State Bulldogs : RHP Duncan McBride
|
Pitching: RHP Harry Cuevas
|
|
Batting: LHB Stan Miller
|
0-0: Called Strike 0-1: Ball 1-1: Ball 2-1: Foul Ball, location: 2F 2-2: Fly out, F3 (Popup, 3L)
|
Batting: LHB Steven Gregory
|
0-0: Called Strike 0-1: Foul Ball, location: 2F 0-2: Ball 1-2: Foul Ball, location: 2F 1-2: Ball 2-2: SINGLE (Line Drive, 89M)
|
Batting: SHB Dave Williams
|
0-0: Called Strike 0-1: Foul Ball, location: 2F 0-2: Ball Steven Gregory is caught stealing 2nd base 1-2: Fly out, F8 (Flyball, 78M)
|
Top of the 9th over - 0 run(s), 1 hit(s), 0 error(s), 0 left on base; North Carolina State 9 - Mississippi State 5 |
BOTTOM OF THE 9TH |
Mississippi State Bulldogs batting - Pitching for North Carolina State Wolfpack : RHP Scott Hall
|
Pitching: RHP Frank Knight
|
|
Batting: RHB Héctor Garza
|
0-0: Foul Ball, location: 2F 0-1: Fly out, F8 (Flyball, 89M)
|
Batting: RHB Nick Dillon
|
0-0: Called Strike 0-1: Ball 1-1: Ball 2-1: Ball 3-1: Base on Balls
|
Batting: RHB Hunter Hudson
|
0-0: Ball 1-0: Foul Ball, location: 2F 1-1: Ball 2-1: Ball 3-1: Foul Ball, location: 2F 3-2: Strikes out swinging
|
Batting: RHB Dan Cross
|
0-0: Called Strike 0-1: Ball 1-1: Swinging Strike 1-2: Ball 2-2: Foul Ball, location: 2F 2-2: Strikes out swinging
|
Bottom of the 9th over - 0 run(s), 0 hit(s), 0 error(s), 1 left on base; North Carolina State 9 - Mississippi State 5 |
 |
Tuesday, August 8th, 2017 - OOTP Baseball 17.12 Build 75
|
|